 Dungeon Crawl Stone Soup version 0.23-a0-241-g3b46b076a4 (webtiles) character file.

8490 PikkenKukken the Spear-Bearer (level 11, -3/78 (79) HPs)
             Began as a Formicid Abyssal Knight on Sept 27, 2018.
             Was a High Priest of Lugonu.
             Slain by a very large slime creature (42 damage)
             ... on level 11 of the Dungeon.
             The game lasted 00:22:36 (11967 turns).

PikkenKukken the Spear-Bearer (FoAK)               Turns: 11967, Time: 00:22:37

HP:   -3/78 (79)    AC: 13    Str: 19    XL:     11   Next: 56%
MP:   0/18          EV: 10    Int: 13    God:    Lugonu [*****.]
Gold: 581           SH:  4    Dex: 10    Spells: 9/10 levels left

rFire    . . .     SeeInvis +   A - +2 trident (freeze)
rCold    + . .     Gourm    .   (no shield)
rNeg     . . .     Faith    .   J - +1 chain mail {rC+}
rPois    +         Spirit   +   (helmet unavailable)
rElec    .         Reflect  .   (no cloak)
rCorr    .         Harm     .   G - +0 pair of gloves
MR       +....                  k - +0 pair of boots
Stlth    ..........             p - amulet of guardian spirit
HPRegen  0.23/turn              t - ring of stealth
MPRegen  0.16/turn              m - ring of poison resistance

@: studying Polearms
A: permanent stasis, dig shafts and tunnels, four strong arms, antennae 3, large
bone plates 1, sturdy frame 1
a: Dig, Shaft Self, Depart the Abyss, Bend Space, Banish, Corrupt, Enter the
Abyss, Renounce Religion


You were on level 11 of the Dungeon.
You worshipped Lugonu.
Lugonu was extremely pleased with you.
You were hungry.

You visited 1 branch of the dungeon, and saw 12 of its levels.
You visited the Abyss 1 time.

You collected 581 gold pieces.

Inventory:

Hand Weapons
 A - a +2 trident of freezing (weapon)
Armour
 b - a +1 leather armour
 d - a +0 chain mail
 k - a +0 pair of boots (worn)
 G - a +0 pair of gloves (worn)
 J - a +1 chain mail of cold resistance (worn)
Jewellery
 j - an uncursed ring of attention
 m - a ring of poison resistance (right hand)
 n - an uncursed ring of flight
 p - an amulet of guardian spirit (around neck)
 t - a ring of stealth (left hand)
 K - a +3 ring of dexterity {unknown}
 L - an uncursed ring of protection from cold {unknown}
Wands
 f - a wand of digging (8)
 r - a wand of iceblast (19)
 s - a wand of acid (5)
 y - a wand of enslavement (9)
 B - a wand of polymorph (8)
 C - a wand of paralysis (12)
 H - a wand of random effects (29)
 I - a wand of disintegration (20)
Scrolls
 g - 2 scrolls of magic mapping
 h - 4 scrolls of identify
 i - 7 scrolls of remove curse
 q - a scroll of enchant armour
 x - 2 scrolls of enchant weapon
 E - a scroll of blinking
 F - 3 scrolls of amnesia
Potions
 a - a potion of might
 e - 3 potions of curing
 l - a potion of heal wounds {unknown}
 o - 3 potions of flight
 v - 2 potions of magic
 w - a potion of brilliance {unknown}
 z - a potion of lignification {unknown}
 D - a potion of agility {unknown}
Books
 u - a manual of Polearms
Comestibles
 c - 23 rations


   Skills:
 - Level 5.1 Fighting
 * Level 14.2 Polearms
 - Level 5.0 Armour
 - Level 5.0 Dodging
 * Level 4.8 Hexes
 + Level 10.4 Invocations


You had 9 spell levels left.
You knew the following spells:

 Your Spells              Type           Power        Failure   Level  Hunger
a - Confusing Touch       Hex            ##....       24%         1    ##.....

Your spell library contained the following spells:

 Spells                   Type           Power        Failure   Level  Hunger
 Confuse                  Hex            ##......     58%         3    ####...
 Summon Small Mammal      Summ           #...         87%         1    ##.....
 Summon Guardian Golem    Hex/Summ       #.......     89%         3    ####...
 Call Imp                 Summ           #.......     95%         2    ###....
 Call Canine Familiar     Summ           #.......     99%         3    ####...
 Gell's Gravitas          Tloc           #.........   99%         3    ####...
 Petrify                  Tmut/Erth      #.......     100%        4    #####..
 Summon Ice Beast         Ice/Summ       #.......     100%        4    #####..
 Summon Lightning Spire   Summ/Air       #.......     100%        4    #####..
 Metabolic Englaciation   Hex/Ice        #.........   100%        5    ######.
 Yara's Violent Unravell  Hex/Tmut       #.........   100%        5    ######.


Dungeon Overview and Level Annotations

Branches:
Dungeon (12/15)            Temple (0/1) D:5            Lair (0/6) D:8
    Orc (0/2) D:10

Altars:
Ashenzari
Elyvilon
Fedhas
Kikubaaqudgha
Okawaru
Uskayaw
Wu Jian
The Shining One
Beogh
Jiyva

Shops:
D:4 %   D:6 }   D:7 }   D:9 *


Innate Abilities, Weirdness & Mutations

You cannot be hasted, slowed, berserked, paralysed or teleported.
You can dig through walls and to a lower floor.
Your four strong arms can wield two-handed weapons with a shield.
You have a pair of large antennae on your head. (SInv)
You are partially covered in large bone plates. (SH +4)
Your movements are slightly less encumbered by armour. (ER -2)


Message History

The slime creature hits you.
Two slime creatures merge to form a large slime creature. 2 slime creatures come into view.
The slime creature quivers. x2
A killer bee comes into view.
A slime creature suddenly becomes a large slime creature.
The killer bee buzzes angrily.
The slime creature hits you!
The slime creature hits you but does no damage.
You see here a killer bee corpse.
Two slime creatures merge to form a large slime creature.
Two slime creatures merge to form a very large slime creature.
A large slime creature splits.
The very large slime creature barely misses you.
Two slime creatures merge to form a large slime creature.
There is a stone staircase leading up, spattered with blood here.
The killer bee stings you but does no damage.
The very large slime creature hits you!!!
Ouch! That really hurt!
You die...

#.#......P....# #.#
#.# #...........#
#.# #(#
#...#######†## #.#
#.# #.{.. #.# #.#
#.# ...P.. #J# #.#
#.# ###.#. ##.##
#.# #.#
######...###.# #.#
#......Jy....# #.#
#.####.@[#.######.#
##)#.........#
#.##.########
#.##.#
##.#####.##.#
.......>.##.#
#######.###.# #.#
#.# #.# #.


You could see a very large slime creature, a large slime creature and a killer
bee.

Vanquished Creatures
  A two-headed ogre (D:8)
  Pikel (D:9)
  A centaur skeleton (D:10)
  Grinder (D:5)
  3 slime creatures
  2 hippogriffs
  4 hogs
  A human (D:6)
  A hungry ghost (D:9)
  Menkaure (D:5)
  A hornet zombie (D:10)
  2 ice beasts
  3 slaves (D:9)
  2 sky beasts (D:8)
  2 black bears (D:8)
  A necrophage (D:10)
  4 centaurs
  8 ogres
  2 big kobolds (D:7)
  3 bullfrogs
  A wyvern skeleton (D:7)
  3 scorpions
  13 killer bees
  3 howler monkeys
  5 wights (D:8)
  4 crimson imps
  A quasit (D:10)
  A bullfrog zombie (D:8)
  A centaur zombie (D:7)
  3 hounds
  6 jellies
  7 orc priests
  A bullfrog skeleton (D:6)
  11 orc wizards
  10 worker ants
  Ijyb (D:5)
  2 iguanas
  A killer bee zombie (D:5)
  3 hound skeletons
  5 adders
  3 gnolls (D:2)
  A howler monkey skeleton (D:8)
  4 shadow imps
  An ooze (D:5)
  2 adder skeletons
  5 worms
  6 leopard geckos
  27 orcs
  4 ball pythons
  3 giant cockroaches
  7 goblins
  15 hobgoblins
  19 jackals
  A quokka (D:2)
  12 bats
  6 frilled lizards
  A giant cockroach zombie (D:5)
  A jackal zombie (D:5)
  22 kobolds
  A leopard gecko skeleton (D:8)
  8 rats
275 creatures vanquished.

Vanquished Creatures (others)
  A two-headed ogre (D:8)
  A fungus (D:8)
  4 plants
6 creatures vanquished.

Grand Total: 281 creatures vanquished

Notes
Turn   | Place    | Note
-------+----------+-------------------------------------------
     0 | Abyss:1  | PikkenKukken the Formicid Abyssal Knight began the quest
                  | for the Orb.
     0 | Abyss:1  | Reached XP level 1. HP: 18/18 MP: 2/2
    38 | Abyss:1  | Noticed a large abomination
    39 | D:1      | Escaped the Abyss
    93 | D:1      | Reached * piety under Lugonu
    93 | D:1      | Reached skill level 1 in Dodging
   197 | D:1      | Reached XP level 2. HP: 24/24 MP: 3/3
   286 | D:1      | Reached XP level 3. HP: 26/29 MP: 4/4
   956 | D:2      | Gained mutation: You are partially covered in large bone
                  | plates. (SH +4) [potion of mutation]
   956 | D:2      | Gained mutation: Your movements are slightly less
                  | encumbered by armour. (ER -2) [potion of mutation]
  1202 | D:2      | Reached XP level 4. HP: 36/36 MP: 6/6
  1632 | D:2      | Reached ** piety under Lugonu
  1878 | D:2      | Reached skill level 3 in Polearms
  2176 | D:3      | Reached XP level 5. HP: 42/42 MP: 7/7
  2620 | D:3      | Found a white marble altar of Elyvilon.
  2631 | D:3      | Noticed an ice beast
  2649 | D:3      | Killed an ice beast
  2649 | D:3      | Reached XP level 6. HP: 31/48 MP: 8/8
  2913 | D:3      | Found a glowing golden altar of the Shining One.
  3260 | D:4      | Found an iron altar of Okawaru.
  3279 | D:4      | Reached *** piety under Lugonu
  3419 | D:4      | Reached skill level 4 in Polearms
  3814 | D:4      | Found Juen's Food Emporium.
  3912 | D:4      | Found a blossoming altar of Fedhas.
  4002 | D:4      | Reached XP level 7. HP: 38/55 MP: 9/9
  4237 | D:5      | Entered Level 5 of the Dungeon
  4902 | D:5      | Noticed Menkaure
  4918 | D:5      | Killed Menkaure
  4918 | D:5      | Reached skill level 5 in Fighting
  4918 | D:5      | Reached skill level 5 in Polearms
  4918 | D:5      | Reached XP level 8. HP: 53/62 MP: 8/11
  5125 | D:5      | Noticed Ijyb
  5143 | D:5      | Killed Ijyb
  5164 | D:5      | Found a staircase to the Ecumenical Temple.
  5166 | D:5      | Noticed Grinder
  5211 | D:5      | Killed Grinder
  5211 | D:5      | Reached skill level 5 in Invocations
  5416 | D:6      | Reached skill level 5 in Armour
  5422 | D:6      | Reached skill level 6 in Polearms
  5431 | D:6      | Found Yruseff's Gadget Shoppe.
  5640 | D:6      | Reached XP level 9. HP: 65/68 MP: 10/13
  5667 | D:6      | Reached **** piety under Lugonu
  6086 | D:6      | Found an ancient bone altar of Kikubaaqudgha.
  6219 | D:7      | Reached skill level 7 in Polearms
  6564 | D:7      | Found Busu's Gadget Boutique.
  6989 | D:6      | Reached skill level 8 in Polearms
  7115 | D:6      | Reached skill level 5 in Dodging
  7615 | D:7      | Reached XP level 10. HP: 41/74 MP: 8/15
  7775 | D:7      | Found an ornate altar of the Wu Jian Council.
  7904 | D:7      | Reached skill level 9 in Polearms
  8025 | D:8      | Identified a scroll of acquirement
  8044 | D:8      | Found a hide-covered altar of Uskayaw.
  8051 | D:8      | Noticed a two-headed ogre
  8395 | D:8      | Banished a two-headed ogre
  8395 | D:8      | Reached skill level 10 in Polearms
  8479 | D:8      | Found a viscous altar of Jiyva.
  8530 | D:8      | Noticed a two-headed ogre
  8589 | D:8      | Reached skill level 11 in Polearms
  8792 | D:8      | Reached ***** piety under Lugonu
  9088 | D:8      | Killed a two-headed ogre
  9088 | D:8      | Reached skill level 12 in Polearms
  9117 | D:8      | Found a staircase to the Lair.
  9645 | D:9      | Reached XP level 11. HP: 76/79 MP: 18/18
  9688 | D:9      | Noticed Pikel
  9707 | D:9      | Killed Pikel
  9707 | D:9      | Reached skill level 13 in Polearms
  9752 | D:9      | Learned a level 1 spell: Confusing Touch
 10063 | D:9      | Found Saapu Ciso's Elemental Accessories.
 10242 | D:9      | Reached skill level 1 in Hexes
 10350 | D:10     | Entered Level 10 of the Dungeon
 10379 | D:9      | Reached skill level 10 in Invocations
 10566 | D:10     | You fall through a shaft for 2 floors!
 10619 | D:11     | Noticed a white ugly thing
 10962 | D:10     | Found a shattered altar of Ashenzari.
 11419 | D:10     | Found a staircase to the Orcish Mines.
 11440 | D:10     | Found a roughly hewn altar of Beogh.
 11578 | D:10     | Reached skill level 14 in Polearms
 11967 | D:11     | Slain by a very large slime creature

Vault maps used:
D:1:      minmay_arrival_four_houses, hangedman_decor_riveting
D:2:      first_ration
D:3:      tso_altar, elyvilon_altar_3
D:4:      kennysheep_little_box, serial_shops, shop_fountains, okawaru_trees_1
D:5:      minmay_temple_entry_glass, hex_tiny, uniq_ijyb, uniq_menkaure,
          uniq_grinder
D:6:      kennysheep_mini, serial_shops, shop
D:7:      marbit_many_paths, serial_shops, nicolae_shop_statue_plus,
          grunt_livestock
D:8:      old_standard_altar, dpeg_oklobed_lair, jiyva_altar_1
D:9:      nicolae_elemental_shop, uniq_pikel
D:10:     minmay_orc_entry_temple_small, grunt_decor_one_mirror,
          minmay_misc_feat_cross, minivault_22, st_stairs_4,
          evilmike_ruin_ashenzari
D:11:     regret_index_bee_streams, uniq_snorg, uniq_urug

Skill      XL: |  1  2  3  4  5  6  7  8  9 10 11 |
---------------+----------------------------------+-----
Dodging        | 1 2 3 5 |  5.0
Armour         | 3 4 5 |  5.0
Polearms       | 3 4 5 6 8 12 14 | 14.2
Invocations    | 3 4 5 7 9 10 | 10.4
Fighting       | 4 5 |  5.1
Hexes          | 4 |  4.8

Action                   |  1- 3 |  4- 6 |  7- 9 | 10-12 || total
-------------------------+-------+-------+-------+-------++-------
Melee: Spear             |   171 |   299 |   545 |       ||  1015
       Trident           |       |       |    28 |   531 ||   559
 Cast: Confusing Touch   |       |       |       |     1 ||     1
Invok: Depart the Abyss  |     1 |       |       |       ||     1
       Bend Space        |       |     1 |     2 |     7 ||    10
       Banish            |       |       |       |     1 ||     1
Evoke: Wand              |       |       |       |     4 ||     4
  Use: Scroll            |     6 |     5 |     2 |     4 ||    17
       Potion            |     1 |       |     1 |       ||     2
 Stab: Distracted        |       |     1 |       |       ||     1
  Eat: Chunk             |     1 |     9 |    12 |     9 ||    31
       Ration            |       |       |       |     2 ||     2
Armor: Chain mail        |    87 |   105 |   185 |   177 ||   554
Dodge: Dodged            |    47 |    90 |   203 |   173 ||   513
Block: Other             |       |    31 |    75 |    59 ||   165

Table legend:
 A = Non-vault XP
 B = Vault XP
 C = Vault XP percentage of total XP
 D = Non-vault monster count
 E = Vault monster count
 F = Vault count percentage of total count
                 A         B        C        D         E       F
            +---------+---------+-------+---------+---------+-------
      Total |    9192 |    2937 |  24.2 |     245 |      28 |  10.3
            +---------+---------+-------+---------+---------+-------
        D:1 |      63 |       0 |   0.0 |      37 |       0 |   0.0
        D:2 |      73 |       0 |   0.0 |      16 |       0 |   0.0
        D:3 |     247 |       0 |   0.0 |      34 |       0 |   0.0
        D:4 |     143 |       0 |   0.0 |      12 |       0 |   0.0
        D:5 |     593 |     480 |  44.7 |      21 |       3 |  12.5
        D:6 |     871 |     762 |  46.7 |      24 |       4 |  14.3
        D:7 |     868 |     205 |  19.1 |      24 |       2 |   7.7
        D:8 |    3074 |     162 |   5.0 |      30 |       4 |  11.8
        D:9 |     681 |     607 |  47.1 |      14 |       1 |   6.7
       D:10 |    1986 |     441 |  18.2 |      23 |       9 |  28.1
       D:11 |     477 |     280 |  37.0 |       9 |       5 |  35.7
       D:12 |     116 |       0 |   0.0 |       1 |       0 |   0.0
            +---------+---------+-------+---------+---------+-------
